 Dungeon Crawl Stone Soup version 0.30.1-9-gdf580d7c3d (webtiles) character file.

Game seed: 4431756328698133689

823 pkoi the Insei (level 7, -3/57 HPs)
             Began as a White Draconian Monk on Oct 25, 2023.
             Was a Believer of Qazlal.
             Slain by a mummy (6 damage)
             ... in an ossuary.
             The game lasted 00:07:45 (3764 turns).

pkoi the Insei (White Draconian Monk)               Turns: 3764, Time: 00:07:46

Health: -3/57      AC:  6    Str: 13    XL:     7   Next: 64%
Magic:  9/9        EV: 10    Int: 13    God:    Qazlal [**....]
Gold:   180        SH: 14    Dex: 13    Spells: 6/6 levels left

rFire   + .          .
                       - Unarmed
rCold   + + +        i - +2 kite shield of Hide-and-Seek {rC++ rCorr Dex+3 Stlth-}
rNeg    + . .        (body armour unavailable)
rPois   .            (helmet restricted)
rElec   +            (no cloak)
rCorr   +            (no gloves)
SInv    +            (no boots)
Will    +....        (no amulet) Stlth
                     g - ring of willpower
HPRegen 0.29/turn    c - ring of Kawuyck {rElec rF+ rN+ Dex-3 SInv}
MPRegen 0.11/turn

%: no passive effects
@: short of breath
A: breathe frost, AC +6, unfitting armour, cold resistance 1, cold-blooded
a: Breathe Frost, Renounce Religion, Upheaval


You were in an ossuary.
You worshipped Qazlal.
Qazlal was pleased with you.
You visited 1 branch of the dungeon, and saw 4 of its levels.
You also visited: Ossuary.

You collected 180 gold pieces.

Inventory:

Hand Weapons
 k - a +0 long sword of draining
Armour
 b - an orb of light
 e - a +0 pair of gloves
 i - the +2 kite shield of Hide-and-Seek (worn) {rC++ rCorr Dex+3 Stlth-}
   (You acquired it on level 3 of the Dungeon)

   Dex:       It affects your dexterity (+3).
   rC:        It greatly protects you from cold.
   rCorr:     It protects you from acid and corrosion.
   Stlth:     It makes you less stealthy.
Jewellery
 c - the ring of Kawuyck (right hand) {rElec rF+ rN+ Dex-3 SInv}
   (You found it on level 2 of the Dungeon)

   [ring of protection from fire]

   Dex:       It affects your dexterity (-3).
   rF:        It protects you from fire.
   rElec:     It insulates you from electricity.
   rN:        It protects you from negative energy.
   SInv:      It lets you see invisible.
 d - a ring of fire
 g - a ring of willpower (left hand)
 l - a ring of protection from cold
Scrolls
 h - 2 scrolls of poison
 j - a scroll of fear
Potions
 a - 2 potions of ambrosia
 f - a potion of heal wounds
 m - a potion of resistance
 n - a potion of mutation
 o - 2 potions of invisibility {unknown}
 p - a potion of attraction {unknown}


   Skills:
 - Level 3.2 Fighting
 - Level 2.6 Dodging
 + Level 4.4 Shields
 + Level 7.1 Unarmed Combat
 + Level 3.3 Invocations


You had 6 spell levels left.
You didn't know any spells.
Your spell library contained the following spells:

 Spells                   Type           Power      Damage    Failure   Level
 Dazzling Flash           Conj/Hex       0%         N/A       97%         3
 Volatile Blastmotes      Fire/Tloc      0%         2d10      97%         3
 Iskenderun's Mystic Bla  Conj/Tloc      0%         2d3       100%        4
 Starburst                Conj/Fire      0%         6d3       100%        6


Dungeon Overview and Level Annotations

Branches:
Dungeon (4/15)            Ossuary (1/1)
 Temple: D:4-7

Altars:
Elyvilon
Fedhas
Makhleb
Nemelex Xobeh
Qazlal
Uskayaw
Vehumet
Zin
The Shining One

Shops:
D:4 (


Innate Abilities, Weirdness & Mutations

You can breathe waves of freezing cold which knock back foes.
Your icy white scales are hard. (AC +6)
You cannot fit into any form of body armour.
Your flesh is cold resistant. (rC+)
You are cold-blooded and may be slowed by cold attacks.


Message History

The freezing breath hits the water moccasin zombie.
The water moccasin zombie resists.
The water moccasin zombie is heavily damaged.
The water moccasin zombie is knocked back by the freezing wind.
The water moccasin zombie slams into the stone wall!
The water moccasin zombie is heavily damaged.
You block the killer bee zombie's attack.
The howler monkey zombie hits you.
* * * LOW HITPOINT WARNING * * *
Unknown command.
You hit the mummy.
The mummy is severely damaged.
The killer bee zombie hits you but does no damage.
You block the howler monkey zombie's attack.
The killer bee zombie hits you but does no damage.
The mummy hits you.
* * * LOW HITPOINT WARNING * * *
You block the howler monkey zombie's attack.
You hit the mummy.
The mummy is almost destroyed.
The killer bee zombie completely misses you.
You block the killer bee zombie's attack.
The howler monkey zombie hits you.
* * * LOW HITPOINT WARNING * * *
You closely miss the mummy.
Your tail-slap misses the mummy.
The mummy is almost destroyed.
The killer bee zombie hits you but does no damage.
You block the killer bee zombie's attack.
The mummy hits you!
* * * LOW HITPOINT WARNING * * *
The howler monkey zombie completely misses you.
You barely miss the mummy.
Your tail-slap misses the mummy.
The mummy is almost destroyed.
The killer bee zombie is engulfed in blazing flames.
The killer bee zombie barely misses you.
The killer bee zombie is engulfed in blazing flames.
You block the killer bee zombie's attack.
You block the howler monkey zombie's attack.
The mummy hits you.
You die...

##### ###
#∩Z.#.'.#
#@MZ'.#
#.ZZ#.'.#
##### ###


You could see a mummy, a water moccasin zombie, a wyvern zombie, a killer bee
zombie and a howler monkey zombie.

Vanquished Creatures
  A black bear (D:4)
  An ogre (D:3)
  Blork the orc (D:4)
  A scorpion (D:4)
  A bullfrog zombie (Ossuary)
  An orc priest (D:4)
  A hound (D:4)
  3 iron imps (D:3)
  3 orc wizards (D:4)
  An iguana (D:3)
  6 mummies (Ossuary)
  Robin (D:2)
  3 gnolls (D:3)
  2 adders
  A worm (D:2)
  2 dart slugs
  7 orcs
  15 endoplasms
  A giant cockroach (D:2)
  14 goblins
  9 hobgoblins
  4 jackals (D:1)
  3 kobolds
  5 quokkas
  2 ball pythons
  6 bats
  3 frilled lizards
  A hobgoblin zombie (D:4)
  8 rats
107 creatures vanquished.

Notes
Turn   | Place    | Note
-------+----------+-------------------------------------------
     0 | D:1      | pkoi the Draconian Monk began the quest for the Orb.
     0 | D:1      | Reached XP level 1. HP: 19/19 MP: 1/1
    67 | D:1      | Reached XP level 2. HP: 23/26 MP: 2/2
   259 | D:1      | Found a faded altar of an unknown god.
   308 | D:1      | Reached skill level 4 in Unarmed Combat
   460 | D:1      | Reached XP level 3. HP: 31/31 MP: 3/3
   814 | D:2      | Identified the ring of Kawuyck {rElec rF+ rN+ Dex-3 SInv}
  1355 | D:2      | Noticed Robin
  1391 | D:2      | Killed Robin
  1392 | D:2      | Reached skill level 5 in Unarmed Combat
  1392 | D:2      | Reached XP level 4. HP: 19/38 MP: 4/4
  1944 | D:3      | Identified a scroll of acquirement
  1945 | D:3      | Acquired the +2 kite shield of Hide-and-Seek {rC++ rCorr
                  | Dex+3 Stlth-}
  1974 | D:3      | Noticed an ogre
  2045 | D:3      | Found a stormy altar of Qazlal.
  2114 | D:3      | Found a radiant altar of Vehumet.
  2149 | D:3      | Killed an ogre
  2150 | D:3      | Reached skill level 1 in Shields
  2150 | D:3      | Reached XP level 5. HP: 45/45 MP: 5/5
  2280 | D:3      | Found a blossoming altar of Fedhas.
  2349 | D:3      | Found a burning altar of Makhleb.
  2526 | D:3      | Reached skill level 6 in Unarmed Combat
  2555 | D:3      | Reached XP level 6. HP: 23/51 MP: 6/6
  2909 | D:3      | Found a white marble altar of Elyvilon.
  2909 | D:3      | Found a glowing golden altar of the Shining One.
  2918 | D:3      | Found a glowing silver altar of Zin.
  3016 | D:3      | Became a worshipper of Qazlal Stormbringer
  3016 | D:3      | Reached * piety under Qazlal
  3016 | D:3      | Reached ** piety under Qazlal
  3061 | D:4      | Found Gazot Kusk's Weapon Emporium.
  3067 | D:4      | Noticed Blork the orc
  3081 | D:4      | Killed Blork the orc
  3082 | D:4      | Reached skill level 1 in Invocations
  3240 | D:4      | Found a sparkling altar of Nemelex Xobeh.
  3240 | D:4      | Found a hide-covered altar of Uskayaw.
  3330 | D:4      | Your scales start taking on an icy white colour.
  3330 | D:4      | Reached XP level 7. HP: 55/57 MP: 8/8
  3330 | D:4      | Gained mutation: Your flesh is cold resistant. (rC+) [White
                  | Draconian growth]
  3458 | D:4      | Found a sand-covered staircase.
  3536 | Ossuary  | Entered an ossuary
  3556 | Ossuary  | Reached skill level 7 in Unarmed Combat
  3764 | Ossuary  | Slain by a mummy

Illustrated notes

Levels and vault maps discovered:
D:1:      eino_arrival_water_star, layout_loops_ring,
          dreamdust_ecumenical_altar_sealed_demon, serial_bayou_pond_b
D:2:      layout_basic, uniq_robin
D:3:      layout_basic, good_gods_temple_1, marbit_many_paths, demons_altar,
          mainiacjoe_overflow_surrounded_room, grunt_qazlal_sundering
D:4:      layout_cave_pods, nicolae_overflow_two_pavilions,
          jmf_multi_god_temple2, enter_ossuary_3, serial_shops,
          nicolae_shop_tiny_glass, nicolae_kite_square_tiling_tiny,
          uniq_blork_the_orc
Ossuary:  ossuary_zaba_flooded

Skill      XL: |  1  2  3  4  5  6  7 |
---------------+----------------------+-----
Unarmed Combat | 4 5 6 7 |  7.1
Shields        | 1 2 3 4 |  4.4
Invocations    | 2 3 |  3.3
Fighting       | |  3.2
Dodging        | |  2.6

Action                     |  1- 3 |  4- 6 |  7- 9 || total
---------------------------+-------+-------+-------++-------
  Melee: Unarmed           |   130 |   140 |   121 ||   391
         Tailslap          |    11 |    17 |    24 ||    52
         Punch             |     3 |       |       ||     3
 Invoke: Upheaval          |       |       |     2 ||     2
Ability: Breathe Frost     |       |       |     2 ||     2
    Use: Scroll            |     5 |     5 |       ||    10
         Potion            |     1 |     1 |       ||     2
 Armour: Skin              |    32 |    23 |    21 ||    76
  Dodge: Dodged            |    83 |    52 |    36 ||   171
  Block: Kite shield       |       |    64 |    70 ||   134
